 Dungeon Crawl Stone Soup version 0.30-a0-377-g5cb311bc9f (webtiles) character file.

Game seed: 9156051563299259733

403 arthad the Digger (level 6, 0/35 HPs)
             Began as a Gargoyle Earth Elementalist on Nov 27, 2022.
             Was an Initiate of Makhleb.
             Slain by a gnoll
             ... wielding a +0 whip
             ... led by a gnoll sergeant
              (5 damage)
             ... on level 4 of the Dungeon.
             The game lasted 00:09:38 (2643 turns).

arthad the Digger (Gargoyle Earth Elementalist)     Turns: 2643, Time: 00:09:38

Health: 0/35       AC:  9    Str: 11    XL:     6   Next: 86%
Magic:  2/10       EV: 12    Int: 18    God:    Makhleb [......]
Gold:   29         SH:  0    Dex: 10    Spells: 5/11 levels left

rFire   . . .      SeeInvis .    x - +2 flail (protect)
rCold   . . .      Faith    .    (no shield)
rNeg    + . .      Spirit   .    a - +0 robe
rPois   ∞          Reflect  .    (no helmet)
rElec   +          Harm     .    h - +0 cloak
rCorr   .          Rampage  .    c - +0 pair of gloves
Will    .....                    v - +1 pair of boots
Stlth   ++........               (no amulet)
HPRegen 0.25/turn                o - ring of flight
MPRegen 0.12/turn                (no ring)

@: flying, invisible
A: sickness immunity, AC +4, negative energy resistance 1, electricity
resistance, torment resistance 1, petrification resistance, deformed body,
deterioration 1
a: Renounce Religion


You were on level 4 of the Dungeon.
You worshipped Makhleb.
Makhleb was noncommittal.
You visited 1 branch of the dungeon, and saw 4 of its levels.

You collected 267 gold pieces.
You spent 238 gold pieces at shops.

Inventory:

Hand Weapons
 q - a +0 shortbow
 x - a +2 flail of protection (weapon)
 z - a +0 rapier
Armour
 a - a +0 robe (worn)
 c - a +0 pair of gloves (worn)
 h - a +0 cloak (worn)
 v - a +1 pair of boots (worn)
 w - an orb of mayhem
Jewellery
 o - a ring of flight (left hand)
Wands
 r - a wand of mindburst (2)
Scrolls
 f - a scroll of fear {unknown}
 i - a scroll of teleportation {unknown}
 k - 2 scrolls of vulnerability {unknown}
 n - a scroll of identify {unknown}
 t - 2 scrolls of brand weapon
 u - 2 scrolls of enchant weapon
 y - a scroll of amnesia {unknown}
 A - a scroll of poison {unknown}
Potions
 b - a potion of magic
 d - a potion of flight {unknown}
 e - 2 potions of invisibility
 g - a potion of brilliance {unknown}
 j - a potion of curing
 l - 2 potions of heal wounds {unknown}
 m - 2 potions of mutation
 p - a potion of attraction {unknown}
 s - 2 potions of ambrosia {unknown}


   Skills:
 + Level 1.8 Fighting
 + Level 1.7 Armour
 * Level 2.8 Dodging
 + Level 3.4 Stealth
 * Level 3.1 Spellcasting
 + Level 1.4 Conjurations
 + Level 1.6 Transmutations
 * Level 5.0 Earth Magic
 + Level 1.3 Invocations


You had 5 spell levels left.
You knew the following spells:

 Your Spells              Type           Power      Damage    Failure   Level
a - Sandblast             Erth           40%        2d10      1%          1
b - Passwall              Tmut/Erth      11%        N/A       6%          2
c - Stone Arrow           Conj/Erth      28%        3d8       13%         3

Your spell library contained the following spells:

 Spells                   Type           Power      Damage    Failure   Level
 Petrify                  Tmut/Erth      14%        N/A       38%         4
 Call Canine Familiar     Summ           2%         N/A       43%         3
 Portal Projectile        Hex/Tloc       4%         N/A       43%         3
 Leda's Liquefaction      Hex/Erth       5%         N/A       50%         4


Dungeon Overview and Level Annotations

Branches:
Dungeon (4/15)
 Temple: D:4-7

Altars:
Makhleb

Shops:
D:3 ?


Innate Abilities, Weirdness & Mutations

You are immune to sickness and miasma.
Your stone body is resilient. (AC +4)
You are immune to poison.
You resist negative energy. (rN+)
You are resistant to electric shocks. (rElec)
You are resistant to unholy torment.
You are immune to petrification.
Armour fits poorly on your strangely shaped body.
Your body sometimes deteriorates upon taking damage.


Message History

Aiming: Sandblast (safe; 1% risk of failure)
Press: ? - help, Q - select action, (/) - cycle Shift-Dir - straight line, f/p - gnoll sergeant
Aim: a gnoll sergeant, wielding a +0 spear and wearing a +0 ring mail (87% to hit)
The blast of sand hits the gnoll.
The gnoll is severely wounded.
The gnoll sergeant barely misses you.
The gnoll hits you from afar with a +0 spear.
The gnoll completely misses you. The gnoll closely misses you.
The gnoll sergeant hits you from afar with a +0 spear!
* * * LOW HITPOINT WARNING * * *
The gnoll closely misses you.
Unknown command.
Okay, then.
You sock the gnoll!
Your weapon exudes an aura of protection.
You kill the gnoll!
Makhleb accepts your kill. The gnoll barely misses you.
The gnoll sergeant hits you but does no damage.
Your Earth Magic skill increases to level 5!
It was a potion of invisibility.
You fade into invisibility!
The gnoll sergeant hits you from afar with a +0 spear.
* * * LOW HITPOINT WARNING * * *
The gnoll misses you. The gnoll barely misses you.
It was a potion of mutation.
You feel extremely strange.
Your body twists and deforms.
You feel yourself wasting away.
It was a potion of curing.
You feel better. The gnoll sergeant closely misses you.
Casting: Sandblast (safe; 1% risk of failure)
Confirm with . or Enter, or press ? or * to list all spells.
Aiming: Sandblast (safe; 1% risk of failure)
Press: ? - help, Shift-Dir - straight line, f/p - gnoll sergeant
Aim: a gnoll sergeant, wielding a +0 spear and wearing a +0 ring mail (unable to see you, 87% to hit)
The blast of sand hits the gnoll sergeant.
The gnoll sergeant is lightly wounded.
The gnoll sergeant hits you from afar with a +0 spear!
* * * LOW HITPOINT WARNING * * *
The gnoll hits you with a +0 whip.
You die...

..#######.....## ##..####..##.
..###...#......# #......#.....
...#...........# #......#.....
...#.......)...# #......#.....
...#...........# #......#.....
#.####.†##..############..#####'#
#.####..##..####.##.####..####...
............#...(...........#....
............#...@...........#....
............'...g...........#....
............#..gg...........#....
######..##..####.####+####..###..
#..# #..##..####)####.####..###..
...#........)...............)....
...#...........................[.
...# .......(..................
...# ...........................


You could see a gnoll sergeant (unable to see you) and 2 gnolls.

Vanquished Creatures
  Edmund (D:4)
  An ogre (D:4)
  2 iguanas (D:4)
  4 adders
  3 gnolls (D:4)
  An ufetubus (D:4)
  2 worms
  3 dart slugs
  7 orcs
  8 endoplasms
  A giant cockroach (D:1)
  8 hobgoblins
  4 quokkas
  4 ball pythons
  3 bats
  7 frilled lizards
  4 goblins
  A kobold (D:3)
  5 rats
69 creatures vanquished.

Notes
Turn   | Place    | Note
-------+----------+-------------------------------------------
     0 | D:1      | arthad the Gargoyle Earth Elementalist began the quest for
                  | the Orb.
     0 | D:1      | Reached XP level 1. HP: 10/10 MP: 3/3
   123 | D:1      | Reached XP level 2. HP: 13/15 MP: 0/5
   500 | D:1      | Found a faded altar of an unknown god.
   508 | D:1      | Reached skill level 1 in Transmutations
   561 | D:1      | Reached XP level 3. HP: 20/20 MP: 3/6
   784 | D:2      | Learned a level 2 spell: Passwall
   788 | D:2      | Learned a level 3 spell: Stone Arrow
   866 | D:2      | Reached skill level 4 in Earth Magic
  1448 | D:3      | Reached XP level 4. HP: 24/24 MP: 5/7
  1561 | D:3      | Reached skill level 1 in Fighting
  1628 | D:3      | Reached skill level 1 in Armour
  1903 | D:3      | Found Zuafriet's Magic Scroll Emporium.
  1911 | D:3      | Bought a scroll of brand weapon for 133 gold pieces
  1911 | D:3      | Bought a scroll of enchant weapon for 105 gold pieces
  1990 | D:3      | Found a burning altar of Makhleb.
  1995 | D:3      | Became a worshipper of Makhleb the Destroyer
  2091 | D:4      | Reached XP level 5. HP: 29/29 MP: 5/8
  2174 | D:4      | Noticed Edmund
  2185 | D:4      | Killed Edmund
  2186 | D:4      | Reached XP level 6. HP: 21/34 MP: 0/10
  2323 | D:4      | Reached skill level 1 in Invocations
  2407 | D:4      | Reached skill level 1 in Conjurations
  2637 | D:4      | Reached skill level 5 in Earth Magic
  2641 | D:4      | Gained mutation: Armour fits poorly on your strangely
                  | shaped body. [potion of mutation]
  2641 | D:4      | Gained mutation: Your body sometimes deteriorates upon
                  | taking damage. [potion of mutation]
  2643 | D:4      | Slain by a gnoll

Illustrated notes

Levels and vault maps discovered:
D:1:      spicycebolla_green_bress_n_ham_2, layout_rooms,
          hellmonk_ecumenical_altar_pennies_from_heaven
D:2:      layout_rooms, minmay_liquid_box, minmay_misc_feat_four_crosses
D:3:      layout_loops_ring, mainiacjoe_overflow_24_doors, serial_shops, shop
D:4:      layout_gridville, uniq_edmund, uniq_menkaure

Skill      XL: |  1  2  3  4  5  6 |
---------------+-------------------+-----
Transmutations | 1 |  1.6
Dodging        | 2 |  2.8
Earth Magic    | 4 5 |  5.0
Fighting       | 1 |  1.8
Armour         | 1 |  1.7
Stealth        | 3 |  3.4
Spellcasting   | 3 |  3.1
Invocations    | 1 |  1.3
Conjurations   | 1 |  1.4

Action                   |  1- 3 |  4- 6 || total
-------------------------+-------+-------++-------
Melee: Unarmed           |    11 |     2 ||    13
       Flail             |       |     2 ||     2
 Cast: Sandblast         |    52 |    55 ||   107
       Stone Arrow       |       |     2 ||     2
Evoke: Wand              |       |     6 ||     6
  Use: Potion            |       |     3 ||     3
Armor: Robe              |    17 |    13 ||    30
Dodge: Dodged            |    15 |    35 ||    50

Table legend: (Time is in decaauts)
 A = Elapsed time spent in this place.
 B = Non-inter-level travel time spent in this place.
 C = Inter-level travel time spent in this place.
 D = Time resting spent in this place.
 E = Time spent auto-exploring this place.
 F = Levels seen in this place.
 G = Mean time per level.
                   A        B        C        D        E       F      G
               +--------+--------+--------+--------+--------+-----+--------+
         Total |   2699 |   2633 |     66 |    256 |   1859 |   4 |  674.8 |
       Dungeon |   2699 |   2633 |     66 |    256 |   1859 |   4 |  674.8 |
               +--------+--------+--------+--------+--------+-----+--------+

Top non-repeatable levels by time:
     D:3: 815 daAuts
     D:1: 692 daAuts
     D:2: 617 daAuts
     D:4: 574 daAuts
